 Dungeon Crawl Stone Soup version 0.18.1-5-g4a78601 (webtiles) character file.

1906 epen the Schismatic (level 8, -3/62 HPs)
             Began as a Demonspawn Abyssal Knight on May 12, 2016.
             Was an Elder of Lugonu.
             Killed from afar by an orc wizard (6 damage)
             ... with a magic dart
             ... on level 6 of the Dungeon.
             The game lasted 00:10:10 (5331 turns).

epen the Schismatic (Demonspawn Abyssal Knight)     Turns: 5331, Time: 00:10:10

Health: -3/62      AC: 18    Str: 13    XL:     8   Next: 94%
Magic:  0/14       EV: 12    Int: 13    God:    Lugonu [****..]
Gold:   191        SH:  0    Dex: 15    Spells: 0 memorised, 7 levels left

rFire  . . .     SeeInvis .     x - +2 falchion (elec)
rCold  + . .     Gourm    .     H - +1 ring mail of the Dozen Dances {rElec rC+} (curse)
rNeg   . . .     Faith    .     (no shield)
rPois  +         Spirit   +     u - +0 helmet
rElec  +         Dismiss  .     y - +0 cloak
rCorr  .         Reflect  .     (no gloves)
SustAt .         Harm     .     e - +0 pair of boots
MR     .....                    (no amulet)
Stlth  +.........               (no ring)
                                l - +6 ring of protection

@: not resistant to hostile enchantments, very unstealthy
A: claws 1, thin metallic scales 1, agile 1, poison resistance, powered by pain
1, weak 1, magic shield, subdued magic 1
a: Depart the Abyss, Bend Space, Banish, Corrupt, Renounce Religion


You were on level 6 of the Dungeon.
You worshipped Lugonu.
Lugonu was greatly pleased with you.
You were not hungry.

You visited 1 branch of the dungeon, and saw 6 of its levels.
You visited the Abyss 1 time.

You collected 227 gold pieces.
You spent 36 gold pieces at shops.

Inventory:

Hand Weapons
 a - a +1 falchion
 x - a +2 falchion of electrocution (weapon)
Armour
 b - a +0 leather armour
 d - a +0 ring mail
 e - a +0 pair of boots (worn)
 k - a +0 scale mail
 u - a +0 helmet (worn)
 y - a +0 cloak (worn)
 E - a +0 crystal plate armour
 H - the cursed +1 ring mail of the Dozen Dances (worn) {rElec rC+}
   (You found it on level 6 of the Dungeon)

   It protects you from cold.
   It insulates you from electricity.
   It has a curse placed upon it.
Jewellery
 l - a +6 ring of protection (left claw)
Scrolls
 g - 5 scrolls of identify {unknown}
 h - 2 scrolls of noise {unknown}
 i - a scroll of enchant armour {unknown}
 m - 2 scrolls of recharging {unknown}
 o - 6 scrolls of remove curse {unknown}
 q - 3 scrolls of amnesia {unknown}
 s - a scroll of fear {unknown}
 w - 3 scrolls of random uselessness {unknown}
 B - a scroll of teleportation
Potions
 f - a potion of haste {unknown}
 j - a potion of heal wounds {unknown}
 n - a potion of lignification {unknown}
 p - 2 potions of curing {unknown}
 r - a potion of agility {unknown}
 t - 2 potions of resistance {unknown}
 z - 2 potions of flight {unknown}
 A - 2 potions of magic {unknown}
 D - a potion of degeneration {unknown}
 F - a potion of ambrosia {unknown}
Comestibles
 c - 5 bread rations
 v - a beef jerky
 C - 2 meat rations
 G - 5 chunks of flesh


   Skills:
 + Level 5.2 Fighting
 * Level 6.1 Long Blades
 + Level 3.9 Armour
 * Level 4.4 Dodging
 * Level 8.1 Invocations


You had 7 spell levels left.
You didn't know any spells.

Dungeon Overview and Level Annotations

Branches:
Dungeon (6/15)             Temple (0/1) D:4

Altars:
Makhleb
Pakellas
Trog

Shops:
D:4 =((%   D:5 ?


Innate Abilities, Weirdness & Mutations

You have sharp fingernails.
You are partially covered in thin metallic scales (AC +2).
You sometimes gain a little power by taking damage.
When hurt, damage is shared between your health and your magic reserves.
You are agile. (Dex +2)
Your system is resistant to poisons.
You are weak. (Str -2)
Your spells are a little easier to cast, but a little less powerful.


Message History

You don't have enough health at the moment.
Unknown command.
Okay, then.
You don't have enough health at the moment.
You hit the orc.
The orc is severely wounded.
The orc priest mumbles some strange prayers to Beogh against you.
Beogh smites you!
* * * LOW HITPOINT WARNING * * *
The orc barely misses you.
You hit the orc.
You kill the orc!
Lugonu accepts your kill.
Drink which item? (? for menu, Esc to quit)
Okay, then.
Okay, then.
The orc warrior misses you.
A magic dart appears from out of thin air!
The magic dart hits you!
You die...

#...#....#..... .
#...#....####......... .
.....#....# #...........
..........####..........5
........##.............
........##............
........##............ .
........##.†......####..
.......@........$.......
.........o..###(........
.#..........#_#.........
#..........#'#(.(......
#....#......).........#
..............[.........
.....#......o##.......##
.....#..............[...
... #..#..........)....


You could see an orc warrior and an orc priest.

Vanquished Creatures
  Eustachio (D:5)
  Edmund (D:5)
  A sky beast (D:5)
  A black bear (D:6)
  3 phantoms
  3 ogres
  A centaur (D:6)
  2 giant frogs (D:6)
  3 scorpions
  2 crimson imps (D:5)
  A centaur skeleton (D:4)
  A hound (D:5)
  2 orc priests (D:4)
  2 jellies
  An iguana (D:5)
  3 worker ants
  An orc wizard (D:3)
  A worker ant zombie (D:6)
  11 adders
  An ooze (D:5)
  4 worms
  5 dart slugs
  2 giant geckos
  16 orcs
  A ball python (D:3)
  9 bats
  5 giant cockroaches
  6 hobgoblins
  8 kobolds
  A giant gecko skeleton (D:4)
  A giant newt (D:3)
  11 goblins
  5 rats
116 creatures vanquished.

Notes
Turn   | Place    | Note
--------------------------------------------------------------
     0 | Abyss:1  | epen the Demonspawn Abyssal Knight began the quest for the Orb.
     0 | Abyss:1  | Reached XP level 1. HP: 18/18 MP: 2/2
     9 | D:1      | Escaped the Abyss
    84 | D:1      | Reached skill level 1 in Dodging
    95 | D:1      | Gained mutation: You sometimes gain a little power by taking damage. [demonic ancestry]
    95 | D:1      | Reached XP level 2. HP: 22/24 MP: 4/4
   228 | D:1      | Reached skill level 3 in Invocations
   234 | D:1      | Reached ** piety under Lugonu
   769 | D:1      | Reached XP level 3. HP: 22/29 MP: 5/5
  1220 | D:2      | Reached XP level 4. HP: 22/35 MP: 6/6
  1404 | D:2      | Found a bloodstained altar of Trog.
  1433 | D:2      | Reached skill level 4 in Invocations
  1774 | D:3      | Noticed a phantom
  1824 | D:3      | Killed a phantom
  1824 | D:3      | Gained mutation: When hurt, damage is shared between your health and your magic reserves. [demonic ancestry]
  1824 | D:3      | Reached XP level 5. HP: 16/41 MP: 8/8
  1878 | D:3      | Reached *** piety under Lugonu
  2431 | D:4      | Noticed an ogre
  2851 | D:4      | Found a staircase to the Ecumenical Temple.
  2921 | D:4      | Found Sixackam's Food Emporium.
  2947 | D:4      | Found Cuphuv's Antique Weapon Emporium.
  2970 | D:4      | Gained mutation: You are partially covered in thin metallic scales (AC +2). [demonic ancestry]
  2970 | D:4      | Reached XP level 6. HP: 39/47 MP: 7/9
  2980 | D:4      | Found Nuelutip's Weapon Boutique.
  3140 | D:4      | Reached skill level 5 in Invocations
  3570 | D:4      | Found Dioleow's Jewellery Shoppe.
  3736 | D:4      | Reached XP level 7. HP: 5/54 MP: 1/11
  4304 | D:5      | Entered Level 5 of the Dungeon
  4310 | D:5      | Found Moatynydda's Magic Scroll Shop.
  4313 | D:5      | Reached skill level 6 in Invocations
  4319 | D:5      | Bought a scroll of teleportation for 36 gold pieces
  4403 | D:5      | Gained mutation: Your spells are a little easier to cast, but a little less powerful. [mutagenic meat]
  4404 | D:5      | Gained mutation: You are agile. (Dex +2) [mutagenic meat]
  4405 | D:5      | Gained mutation: You are weak. (Str -2) [mutagenic meat]
  4407 | D:5      | Gained mutation: Your system is resistant to poisons. [mutagenic meat]
  4541 | D:5      | Noticed Edmund
  4541 | D:5      | Noticed Eustachio
  4568 | D:5      | Killed Edmund
  4568 | D:5      | Reached skill level 5 in Long Blades
  4568 | D:5      | Gained mutation: You have sharp fingernails. [demonic ancestry]
  4568 | D:5      | Reached XP level 8. HP: 34/61 MP: 10/13
  4574 | D:5      | Killed Eustachio
  4574 | D:5      | Reached skill level 7 in Invocations
  4640 | D:5      | Reached **** piety under Lugonu
  5039 | D:6      | Found a burning altar of Makhleb.
  5097 | D:6      | Reached skill level 5 in Fighting
  5187 | D:6      | Got a scorched ring mail
  5198 | D:6      | Identified the cursed +1 ring mail of the Dozen Dances {rElec rC+} (You found it on level 6 of the Dungeon)
  5253 | D:6      | Found an oddly glowing altar of Pakellas.
  5269 | D:6      | Reached skill level 8 in Invocations
  5324 | D:6      | HP: 1/62 [orc priest/divine providence (4)]
  5331 | D:6      | Killed from afar by an orc wizard

Skill      XL: |  1  2  3  4  5  6  7  8 |
---------------+-------------------------+-----
Dodging        | 1 2 3 4 |  4.4
Invocations    | 3 4 5 6 8 |  8.1
Long Blades    | 2 3 4 5 6 |  6.1
Armour         | 2 3 |  3.9
Fighting       | 4 5 |  5.2

Action                   |  1- 3 |  4- 6 |  7- 9 || total
-------------------------+-------+-------+-------++-------
Melee: Falchion          |   156 |   275 |   191 ||   622
  Eat: Chunk             |     1 |     7 |     8 ||    16
       Pizza             |       |     1 |       ||     1
       Beef jerky        |       |       |     1 ||     1
Armor: Ring mail         |    53 |   163 |    93 ||   309
       Leather armour    |     4 |       |       ||     4
       Crystal plate arm |       |       |    29 ||    29
Dodge: Dodged            |   118 |   150 |    84 ||   352
